AoeStats
← 海峡

Arabia

509568886Analyzed
1v1 RM · 6d ago on Sep 27, 2026· 23m 10s· 2 players
Game mode
Random Map
Map size
Tiny (2 player)
Population
200
Speed
Normal
Resources
Standard
Victory
Conquest
Starting age
Dark Age
Ending age
Imperial Age
RankedLock teamsTeams togetherTeam positionsShared explorationLock speedFull tech treeHidden civsTurbo modeCheats
Victory
Defeat
🇨🇳 Poles · China
1629
+13
🇦🇷 Italians · Argentina
1564
-13
MochaHook90
5:20 Loom
8:52 Feudal Age
9:21 Double-Bit Axe
9:35 Town Watch
10:30 Horse Collar
24:13 Castle Age
22:23 Gold Mining
海峡
9:26 Feudal Age
9:04 Loom
9:37 Man-at-Arms
10:17 Double-Bit Axe
12:32 Horse Collar
16:00 Forging
18:21 Bloodlines
21:53 Castle Age
21:32 Stone Mining
22:46 Bow Saw
22:38 Heavy Plow
22:48 Scale Barding Armor
23:31 Wheelbarrow
Connection lost

Rejoining the realm…

Still unreachable

The connection could not be restored.

Session expired

The server has moved on; the page needs a fresh start.